 Dungeon Crawl Stone Soup version 0.31-a0-133-gaae73658be (webtiles) character file.

Game seed: 16692805268150627736

3614534 ragingrage the Merry Frog (level 27, 217/217 HPs)
             Began as a Barachi Hexslinger on June 1, 2023.
             Was the Champion of Hepliaklqana.
             Escaped with the Orb
             ... and 5 runes on June 2, 2023!
             The game lasted 01:34:35 (58746 turns).

ragingrage the Merry Frog (Barachi Hexslinger)     Turns: 58746, Time: 01:34:36

Health: 217/217    AC: 28    Str:  6    XL:     27
Magic:  38/38      EV: 53    Int: 11    God:    Hepliaklqana [******]
Gold:   5104       SH:  0    Dex: 47    Spells: 9/32 levels left

rFire   + + .        b - +8 triple crossbow (freeze)
rCold   + + .        (shield currently unavailable)
rNeg    + + .        Y - +4 Cigotuvi's embrace {Corpsefed rMiasma Drain rN+}
rPois   +            O - +1 helmet "Toecvolu" {rPois rN+ Dex+4}
rElec   .            P - +2 cloak {Will+}
rCorr   +            v - +1 pair of gloves "Bas Goukk" {rCorr Str-3 Dex+6}
SInv    .            W - +3 pair of boots of the Cockroach {Dex+4}
Will    ++++.        c - amulet "Acul" {Spirit Drain rF++ rCorr MP+9}
Stlth   +++          a - ring "Ilosseys" {+Blink rC++ Int-3 Dex+6}
HPRegen 0.56/turn    G - ring of the Tortoise {AC+8}
MPRegen 0.26/turn

%: guardian spirit
@: studying 3 skills, slow
A: reduced essence, amphibious, slowness 1, strong legs 2, +LOS, deformed body,
strong-willed 1, weak 1
0: Orb of Zot
}: 5/15 runes: decaying, slimy, silver, abyssal, gossamer
a: Hop, Renounce Religion, Evoke Blink, Recall Ancestor, Ancestor Identity,
Transference, Idealise


You escaped.
You worshipped Hepliaklqana.
Hepliaklqana was exalted by your worship.
You visited 11 branches of the dungeon, and saw 53 of its levels.
You visited the Abyss 1 time.
You visited 1 bazaar.
You also visited: Trove, Volcano and Desolation.

You collected 9679 gold pieces.
You spent 4575 gold pieces at shops.

Inventory:

Hand Weapons
 b - a +8 triple crossbow of freezing (weapon)
Missiles
 I - 2 throwing nets
 L - 20 curare-tipped darts
Armour
 v - the +1 pair of gloves "Bas Goukk" (worn) {rCorr Str-3 Dex+6}
   (You acquired it on level 5 of the Vaults)

   Str:       It affects your strength (-3).
   Dex:       It affects your dexterity (+6).
   rCorr:     It protects you from acid and corrosion.
 O - the +1 helmet "Toecvolu" (worn) {rPois rN+ Dex+4}
   (You found it on level 2 of the Swamp)

   Dex:       It affects your dexterity (+4).
   rPois:     It protects you from poison.
   rN:        It protects you from negative energy.
 P - a +2 cloak of willpower (worn)
 W - the +3 pair of boots of the Cockroach (worn) {Dex+4}
   (You found it on level 3 of the Lair of Beasts)

   Dex:       It affects your dexterity (+4).
 Y - the +4 Cigotuvi's embrace (worn) {Corpsefed rMiasma Drain rN+}
   (You found it in the Desolation of Salt)

   Corpsefed: It gathers nearby corpses to temporarily increase the armour it
   provides.
   rMiasma:   It protects you from foul pestilence.
   rN:        It protects you from negative energy.
   Drain:     It drains your maximum health when unequipped.
Jewellery
 a - the ring "Ilosseys" (left hand) {+Blink rC++ Int-3 Dex+6}
   (You found it in the Desolation of Salt)

   [ring of dexterity]

   Int:       It affects your intelligence (-3).
   Dex:       It affects your dexterity (+6).
   rC:        It greatly protects you from cold.
   +Blink:    It lets you blink.
 c - the amulet "Acul" (around neck) {Spirit Drain rF++ rCorr MP+9}
   (You acquired it on level 5 of the Dungeon)

   [amulet of guardian spirit]

   It causes incoming damage to be divided between your reserves of health and
   magic.
   rF:        It greatly protects you from fire.
   MP:        It affects your magic capacity (+9).
   rCorr:     It protects you from acid and corrosion.
   Drain:     It drains your maximum health when unequipped.
 f - the ring of Icvievor {rN+ Dex+5 SInv}
   (You found it on level 5 of the Lair of Beasts)

   [ring of see invisible]

   Dex:       It affects your dexterity (+5).
   rN:        It protects you from negative energy.
   SInv:      It lets you see invisible.
 G - the ring of the Tortoise (right hand) {AC+8}
   (You took it off a draconian stormcaller on level 4 of the Realm of Zot)

   [ring of protection]

   AC:        It affects your AC (+8).
Wands
 j - a wand of roots (62)
 r - a wand of mindburst (23)
 x - a wand of charming (50)
 D - a wand of light (26)
 E - a wand of polymorph (10)
 Q - a wand of digging (25)
Scrolls
 o - 3 scrolls of brand weapon
 p - 2 scrolls of butterflies
 w - a scroll of poison
 y - 3 scrolls of silence
 z - 2 scrolls of enchant armour
 A - 11 scrolls of immolation
 C - 7 scrolls of fear
 N - 6 scrolls of blinking
 R - 23 scrolls of teleportation
 S - 11 scrolls of vulnerability
 V - 6 scrolls of magic mapping
 Z - 9 scrolls of fog
Potions
 e - 17 potions of curing
 g - 2 potions of resistance
 h - 11 potions of mutation
 i - 4 potions of magic
 k - 16 potions of haste
 l - 13 potions of might
 m - 9 potions of cancellation
 n - 3 potions of berserk rage
 s - 6 potions of enlightenment
 t - 4 potions of invisibility
 u - 8 potions of lignification
 F - 2 potions of brilliance
 J - 14 potions of heal wounds
 K - 6 potions of attraction
 X - 6 potions of ambrosia
Miscellaneous
 d - a box of beasts
 q - a lightning rod (4/4)
 B - a piece from Xom's chessboard (15/15)
 H - a phantom mirror
 M - a tin of tremorstones (2/2)
 U - a phial of floods


   Skills:
 + Level 25.3 Fighting
 - Level 4.0 Short Blades
 O Level 27 Ranged Weapons
 - Level 13.2 Armour
 - Level 25.0 Dodging
 - Level 12.0 Stealth
 - Level 3.0 Spellcasting
 + Level 8.6 Conjurations
 + Level 7.7 Hexes
 - Level 8.0 Translocations
 + Level 10.4 Transmutations
 - Level 4.0 Fire Magic
 - Level 11.0 Ice Magic
 - Level 8.0 Invocations
 - Level 20.0 Evocations


You had 9 spell levels left.
You knew the following spells:

 Your Spells              Type           Power      Damage    Failure   Level
a - Wereblood             Tmut           24%        N/A       1%          2
b - Ozocubu's Armour      Ice            25%        N/A       1%          3
c - Portal Projectile     Hex/Tloc       36%        N/A       4%          3
d - Blink                 Tloc           38%        N/A       1%          2
e - Inner Flame           Hex/Fire       14%        N/A       10%         3
f - Irradiate             Conj/Tmut      11%        3d15      21%         5
g - Yara's Violent Unrav  Hex/Tmut       10%        3d6       24%         5

Your spell library contained the following spells:

 Spells                   Type           Power      Damage    Failure   Level
 Beastly Appendage        Tmut           48%        N/A       1%          1
 Freeze                   Ice            100%       1d10      1%          1
 Slow                     Hex            72%        N/A       1%          1
 Ensorcelled Hibernation  Hex/Ice        44%        N/A       1%          2
 Lesser Beckoning         Tloc           38%        N/A       1%          2
 Momentum Strike          Conj/Tloc      38%        3d9       1%          2
 Searing Ray              Conj           40%        2d5       1%          2
 Frozen Ramparts          Ice            50%        1d8       1%          3
 Hailstorm                Conj/Ice       23%        3d7       1%          3
 Foxfire                  Conj/Fire      60%        2x1d7     2%          1
 Dazzling Flash           Conj/Hex       38%        N/A       3%          3
 Confusing Touch          Hex            18%        N/A       4%          3
 Gell's Gravitas          Tloc           19%        N/A       4%          3
 Teleport Other           Tloc           19%        N/A       4%          3
 Kiss of Death            Conj/Necr      44%        2d8       6%          1
 Passwall                 Tmut/Erth      10%        N/A       6%          2
 Volatile Blastmotes      Fire/Tloc      28%        2d12      9%          3
 Static Discharge         Conj/Air       22%        2-3/arc   10%         2
 Scorch                   Fire           20%        2d5       11%         2
 Iskenderun's Mystic Bla  Conj/Tloc      19%        2d6       12%         4
 Spider Form              Tmut/Pois      13%        N/A       13%         3
 Fulminant Prism          Conj/Hex       9%         3d6       13%         4
 Manifold Assault         Tloc           19%        N/A       13%         4
 Passage of Golubria      Tloc           19%        N/A       13%         4
 Blade Hands              Tmut           12%        N/A       14%         5
 Ignite Poison            Fire/Tmut/Pois 12%        N/A       16%         3
 Cause Fear               Hex            9%         N/A       16%         4
 Stone Arrow              Conj/Erth      22%        3d8       19%         3
 Vhi's Electric Charge    Tloc/Air       20%        N/A       21%         3
 Summon Guardian Golem    Hex/Summ       10%        N/A       22%         3
 Flame Wave               Conj/Fire      15%        2d7       26%         4
 Sticky Flame             Conj/Fire      15%        2d4       26%         4
 Mephitic Cloud           Conj/Pois/Air  7%         N/A       32%         3
 Necrotise                Necr           4%         1d4       34%         1
 Sandblast                Erth           2%         2d4       34%         1
 Summon Small Mammal      Summ           4%         N/A       34%         1
 Petrify                  Tmut/Erth      13%        N/A       38%         4
 Cigotuvi's Dreadful Rot  Necr/Pois/Air  2%         N/A       47%         2
 Poisonous Vapours        Pois/Air       2%         N/A       47%         2
 Sublimation of Blood     Necr           1%         N/A       47%         2
 Freezing Cloud           Conj/Ice/Air   8%         6-21      56%         5
 Anguish                  Hex/Necr       5%         N/A       58%         4
 Leda's Liquefaction      Hex/Erth       5%         N/A       58%         4
 Call Canine Familiar     Summ           1%         N/A       71%         3
 Vampiric Draining        Necr           1%         2d6       71%         3
 Alistair's Intoxication  Tmut/Pois      8%         N/A       75%         5
 Arcjolt                  Conj/Air       5%         1d15      86%         5
 Silence                  Hex/Air        5%         N/A       90%         5
 Dispersal                Tloc           9%         N/A       90%         6
 Ozocubu's Refrigeration  Ice            12%        4d10      97%         7
 Airstrike                Air            0%         2d(1-17)  98%         4
 Animate Armour           Summ/Erth      2%         N/A       98%         4
 Animate Dead             Necr           1%         N/A       98%         4
 Dispel Undead            Necr           1%         3d6       98%         4
 Summon Lightning Spire   Summ/Air       1%         N/A       98%         4
 Simulacrum               Ice/Necr       6%         N/A       99%         6
 Starburst                Conj/Fire      7%         6d4       99%         6
 Agony                    Necr           1%         N/A       100%        5
 Borgnjor's Vile Clutch   Necr/Erth      0%         N/A       100%        5
 Conjure Ball Lightning   Conj/Air       5%         3x3d6     100%        6
 Death Channel            Necr           0%         N/A       100%        6
 Eringya's Noxious Bog    Tmut/Pois      6%         N/A       100%        6
 Leda's Unmaking          Conj/Erth      5%         9d2       100%        6
 Plasma Beam              Fire/Air       3%         2x1d13    100%        6
 Summon Cactus Giant      Summ           0%         N/A       100%        6
 Haunt                    Necr/Summ      0%         N/A       100%        7
 Monstrous Menagerie      Summ           0%         N/A       100%        7
 Orb of Destruction       Conj           10%        9d6       100%        7
 Spellforged Servitor     Conj/Summ      5%         N/A       100%        7
 Storm Form               Tmut/Air       6%         N/A       100%        7
 Summon Hydra             Summ           0%         N/A       100%        7
 Borgnjor's Revivificati  Necr           0%         N/A       100%        8
 Discord                  Hex            9%         N/A       100%        8
 Disjunction              Tloc           9%         N/A       100%        8
 Ignition                 Fire           5%         3d4       100%        8
 Infestation              Necr           0%         N/A       100%        8
 Lehudib's Crystal Spear  Conj/Erth      5%         10d3      100%        8
 Maxwell's Capacitive Co  Air            0%         ∞         100%        8
 Necromutation            Tmut/Necr      6%         N/A       100%        8
 Death's Door             Necr           0%         N/A       100%        9
 Polar Vortex             Ice            12%        N/A       100%        9


Dungeon Overview and Level Annotations

Branches:
Dungeon (15/15)            Temple (1/1) D:4            Lair (5/5) D:11
  Swamp (4/4) Lair:3       Spider (4/4) Lair:2        Slime (5/5) Lair:5
    Orc (2/2) D:10            Elf (3/3) Orc:2        Vaults (5/5) D:13
  Crypt (0/3) Vaults:2     Depths (4/4) D:15            Zot (5/5) Depths:4
Volcano (visited)         Desolation (visited)

Altars:
Ashenzari
Dithmenos
Elyvilon
Fedhas
Gozag
Hepliaklqana
Kikubaaqudgha
Makhleb
Nemelex Xobeh
Okawaru
Sif Muna
Trog
Uskayaw
Vehumet
Wu Jian
Yredelemnul
Zin
The Shining One

Shops:
D:5 ?   D:9 (   D:10 *   Orc:1 [   Orc:2 [!**   Elf:1 =?!   Elf:2 (
Depths:1 =   Depths:2 :

Portals:
Hell: Depths:1 Depths:2 Depths:3 Depths:4
Abyss: Depths:3 Depths:4
Pandemonium: Depths:2
Ziggurat: Depths:2

Annotations:
D:4 exclusions: downstairs and 2 gnolls
D:10 Triple Xbow
Lair:2 exclusion: 2 downstairs
Lair:4 exclusion: 2 downstairs
Slime:4 exclusion: downstairs
Elf:2 3 runed translucent doors
Zot:4 3 runed translucent doors, Unkupp's ghost, veteran OgBe


Innate Abilities, Weirdness & Mutations

Your life essence is reduced to manifest your ancestor. (-10% HP)
You are amphibious.
You cover ground slowly.
You can hop long distances.
You have an extended range of vision and can be seen from far away.
Armour fits poorly on your strangely shaped body.
You are strong-willed. (Will+)
You are weak. (Str -2)


Message History

(Z) Zot
Where to? (Enter - D:1 @ (x,y), ? - help)
There is a stone staircase leading up here.
You climb upwards.
There is a stone staircase leading down here.
There is a stone staircase leading down, spattered with blood here.
There is a stone staircase leading up here.
You climb upwards.
There is a stone staircase leading down here.
Things that are here:
a +0 ring mail; a +0 whip
There is a stone staircase leading up, spattered with blood here.
You climb upwards.
Level annotation: exclusions: downstairs and 2 gnolls
There is a stone staircase leading down here.
There is a stone staircase leading up here.
You climb upwards.
There is a stone staircase leading down here.
There is a stone staircase leading up here.
You climb upwards.
There is a stone staircase leading down here.
There is a stone staircase leading up here.
You climb upwards.
There is a stone staircase leading down here.
You enter the deep water.
You enter the shallow water.
A green death comes into view.
You shoot a bolt. The bolt hits the green death!!!
The bolt freezes the green death!!
You kill the green death!
No target in view!
No target in view!
(D) Dungeon (T) Temple (L) Lair (S) Swamp (N) Spider Nest (M) Slime Pits (O) Orcish Mines (E) Elven Halls (V) Vaults (C) Crypt (U) Depths (H) Hell (Z) Zot
Where to? (Enter - D:1 @ (x,y), ? - help)
There is a staircase leading out of the dungeon here.
No target in view!
You have escaped!

#####.###....####.##....##
###.# #.##.##...........
#...# #.##.####.##......
#.#.###.##).....##......
#.####...###...###......
#.##.............##.####
#####.##.............##.#
#.........###...###.....# #
#.##..#...#@R.....#...### #
#.#.......#......[#...# #
#.....##.............## #
#####...##...)..#......# #
#.......##.............## #
##.##....#...#.......#...# #
#........#...#......>#...#
###..##...##...###.(.###...#
#.........###.............##


You could see the friendly Tepiltzin the knight (reflecting).

Vanquished Creatures
  the Royal Jelly (Slime:5)
  2 dread liches
  An ancient lich (Zot:5)
  7 orbs of fire
  2 juggernauts
  Bai Suzhen (Vaults:3)
  4 Killer Klowns
  Saint Roka (Vaults:3)
  the Lernaean hydra (Swamp:4)
  2 curse toes
  A caustic shrike (Depths:2)
  A pandemonium lord (D:13)
  20 golden dragons
  2 bone dragons
  the Enchantress (Depths:1)
  A Brimstone Fiend (D:9)
  3 hellephants
  23 Orb Guardians
  5 electric golems
  Jorgrun (D:14)
  Mlioglotl (Swamp:1)
  19 tentacled monstrosities
  A Hell Sentinel (Abyss:3)
  3 liches
  A walking earthen tome (Depths:3)
  11 quicksilver dragons
  A deep elf master archer (Elf:3)
  3 titans
  11 sphinxes
  An Executioner (D:11)
  5 death cobs
  A tentacled starspawn (Abyss:2)
  12 acid blobs
  A thorn hunter (Swamp:1)
  10 shadow dragons
  5 tengu reavers
  4 draconian monks
  An eldritch tentacle (Zot:5)
  20 storm dragons
  8 rockslimes
  7 azure jellies
  7 draconian knights
  6 deep elf sorcerers
  The ghost of Kilowitz the Fighter, a journeyman MiFi of Okawaru (Spider:1)
  12 frost giants
  24 vault wardens
  2 iron dragons
  7 fire giants
  A balrug (Zot:5)
  An imperial myrmidon (Desolation)
  Aizul (Swamp:2)
  7 draconian scorchers
  3 emperor scorpions
  4 orc warlords
  A deep elf elementalist (Elf:3)
  14 ironbound preservers
  8 ghost moths
  7 draconian shifters
  5 draconian annihilators
  3 draconian stormcallers
  4 formless jellyfish
  7 war gargoyles
  5 spriggan defenders
  6 ironbound thunderhulks
  A demonspawn black sun (Zot:3)
  8 quicksilver oozes
  17 very ugly things
  A reaper (Abyss:2)
  6 green draconians
  20 stone giants
  3 vampire knights
  3 eleionomae
  4 deep elf demonologists
  7 deep elf annihilators
  11 red draconians
  18 white draconians
  9 yellow draconians
  A lorocyproca (Abyss:2)
  15 dire elephants
  21 purple draconians
  15 black draconians
  6 bunyips
  2 halazid warlocks (Desolation)
  The ghost of Pooter the Severer, a journeyman MiBe of Trog (Orc:2)
  An eidolon (Vaults:2)
  5 spark wasps
  3 crystal guardians
  13 ettins
  Snorg (D:14)
  A merfolk javelineer (Depths:4)
  4 deep elf death magi (Elf:3)
  5 fire dragons
  8 deep elf high priests
  3 ragged hierophants (Desolation)
  13 yaktaur captains
  A green death (D:1)
  4 entropy weavers
  11 great orbs of eyes
  2 servants of whispers (Desolation)
  3 rakshasas
  5 peacekeepers
  6 spriggan air magi
  4 radroaches
  29 vault guards
  13 ironbound frosthearts
  3 ogre magi
  7 ice dragons
  A jorogumo (Spider:2)
  7 boulder beetles
  12 hydras
  6 centaur warriors
  A ghost crab (Swamp:3)
  A death knight (D:15)
  11 alligators
  3 catoblepae
  10 dancing weapons
  21 two-headed ogres
  6 tengu warriors
  8 deep troll shamans
  5 vampire magi (Depths:1)
  5 deep troll earth magi
  14 death yaks
  An orc high priest (Elf:1)
  7 hell hogs (Depths:3)
  8 demonic crawlers
  A shock serpent (shapeshifter) (Vaults:4)
  5 thrashing horrors
  12 hell knights
  8 deep elf knights
  5 spriggan berserkers
  Nergalle (D:11)
  2 sun demons (Zot:5)
  7 iron trolls
  5 skeletal warriors (D:14)
  A salamander mystic (Depths:4)
  2 wretched stars (Abyss:1)
  A flayed ghost (Depths:3)
  4 goliath frogs
  A spriggan druid (Swamp:2)
  A deep troll (shapeshifter) (Vaults:5)
  3 death drakes
  5 pharaoh ants
  32 deep trolls
  10 swamp dragons
  5 deep elf archers
  8 orb spiders
  A lindwurm (shapeshifter) (Vaults:5)
  4 lindwurms
  14 bog bodies
  4 phantasmal warriors (Vaults:5)
  6 glowing orange brains
  5 necromancers
  9 steelbarb worms
  12 orc knights
  6 starcursed masses (Abyss:3)
  3 harpies (Vaults:1)
  11 wizards
  28 deep elf pyromancers
  19 ironbound convokers
  14 deep elf zephyrmancers
  2 manticores
  36 ugly things
  13 wolf spiders
  A faun (shapeshifter) (Vaults:2)
  2 orc sorcerers
  An elephant (shapeshifter) (Depths:3)
  2 shining eyes (Slime:5)
  5 cyclopes
  A salamander (shapeshifter) (D:13)
  2 will-o-the-wisps
  4 black mambas
  3 centaur zombies
  16 elephants
  A frost giant skeleton (Vaults:2)
  3 salamanders (Depths:4)
  3 guardian serpents (Desolation)
  25 moths of wrath
  11 vault sentinels
  6 torpor snails
  A rust devil (Abyss:2)
  Maggie (D:8)
  A smoke demon (Abyss:2)
  An orange demon (Zot:2)
  An efreet (D:14)
  12 cane toads
  A hellion (Zot:4)
  28 yaktaurs
  A kobold demonologist (D:13)
  An ice devil (D:13)
  A komodo dragon (shapeshifter) (Elf:1)
  6 komodo dragons
  A storm dragon simulacrum (D:15)
  2 tormentors
  4 rime drakes
  A red devil (D:13)
  5 tengu conjurers
  7 trolls
  A bloated husk (Swamp:1)
  5 catoblepas skeletons (Abyss:3)
  A merfolk (shapeshifter) (Depths:2)
  5 meliai
  8 large abominations
  9 raiju
  11 polar bears
  A troll (shapeshifter) (D:15)
  Grinder (D:3)
  24 tarantellas
  15 hornets
  28 saltlings (Desolation)
  20 blink frogs
  4 tyrant leeches
  An ettin zombie (Abyss:1)
  4 dream sheep
  54 slime creatures
  A fire giant simulacrum (Vaults:2)
  5 flying skulls (Abyss:2)
  40 jumping spiders
  A ynoxinul (Abyss:3)
  3 shadows (D:11)
  2 air elementals
  3 wraiths
  24 culicivoras
  3 hogs (Spider:1)
  7 water elementals (Depths:4)
  15 spriggans
  3 wyverns
  A steam dragon (D:9)
  7 basilisks
  10 fire bats
  Grum (D:8)
  41 yaks
  A chaos spawn (Abyss:3)
  6 neqoxecs
  A redback (shapeshifter) (Depths:3)
  6 fire elementals
  47 redbacks
  5 vampire mosquitoes
  A steam dragon (shapeshifter) (Vaults:5)
  13 swamp worms
  2 wargs
  An acid dragon (D:10)
  Edmund (D:5)
  15 water moccasins
  3 hell hounds
  3 floating eyes
  11 swamp drakes
  2 black bears
  2 ice beasts
  A sky beast (D:6)
  Pargi (D:4)
  13 orc warriors
  10 boggarts
  30 ogres
  7 wolves
  8 centaurs
  5 small abominations
  12 bullfrogs
  9 kobold brigands
  2 scorpions (D:6)
  12 earth elementals
  5 wights (D:7)
  7 killer bees
  3 electric eels
  5 howler monkeys
  A crimson imp (Abyss:3)
  4 hounds
  13 orc priests
  A jelly (Lair:5)
  2 gnoll boudas (D:9)
  4 iguanas
  3 iron imps
  Ijyb (D:3)
  3 sleepcaps
  14 orc wizards
  2 centaur simulacra
  10 gnolls
  6 adders
  2 shadow imps
  A howler monkey simulacrum (D:9)
  7 white imps
  2 ufetubi
  A worm (D:3)
  13 dart slugs
  46 orcs
  2 spectral bats (Abyss:3)
  6 ball pythons
  2 endoplasms
  3 giant cockroaches
  4 goblins
  10 hobgoblins
  3 quokkas
  6 bats
  2 bat simulacra (Abyss:3)
  3 frilled lizards
  13 kobolds
  4 rats
  2 starspawn tentacles
2055 creatures vanquished.

Vanquished Creatures (collateral kills)
  An orb of fire (Zot:5)
  An ancient lich (Zot:5)
  3 golden dragons
  3 tentacled monstrosities
  A lich (Vaults:5)
  3 Orb Guardians (Zot:5)
  2 titans (Vaults:5)
  2 acid blobs (Slime:5)
  3 tentacled starspawn
  A death cob (Zot:4)
  4 sphinxes
  2 storm dragons
  A draconian monk (Depths:4)
  Kirke (Spider:1)
  A draconian knight (Zot:2)
  A draconian scorcher (Zot:4)
  A fire giant (Depths:4)
  2 emperor scorpions
  2 frost giants (Depths:2)
  A deep elf sorcerer (Vaults:3)
  3 vault wardens
  A deep elf elementalist (Elf:3)
  2 ironbound preservers
  4 quicksilver oozes
  A draconian shifter (Zot:4)
  An orc warlord (Vaults:3)
  A draconian stormcaller (Zot:5)
  4 very ugly things
  A spriggan defender (Depths:1)
  A demonspawn black sun (Zot:3)
  2 stone giants
  3 green draconians
  An ironbound thunderhulk (Vaults:5)
  2 vampire knights
  A deep elf demonologist (Elf:1)
  2 black draconians (Depths:4)
  A halazid warlock (Desolation)
  2 deep elf annihilators (Elf:3)
  2 yellow draconians
  3 dire elephants
  A red draconian (Zot:2)
  2 purple draconians (Zot:4)
  A crystal guardian (Desolation)
  2 deep elf death magi (Elf:3)
  2 yaktaur captains
  3 ettins
  2 deep elf high priests (Elf:3)
  3 vault guards
  2 servants of whispers (Desolation)
  4 hydras
  A spriggan air mage (Depths:4)
  2 ice dragons (Depths:3)
  A peacekeeper (Vaults:4)
  5 catoblepae
  2 ironbound frosthearts
  3 two-headed ogres
  A centaur warrior (Vaults:1)
  4 ogre magi
  2 death yaks (Lair:5)
  A deep troll shaman (Depths:2)
  A tengu warrior (Depths:1)
  2 vampire magi (Depths:1)
  A deep troll earth mage (Depths:2)
  A demonic crawler (Spider:4)
  A dancing weapon (Elf:2)
  2 wretched stars
  A fire crab (Lair:4)
  A deep elf knight (Elf:1)
  A skyshark (Lair:3)
  7 deep trolls
  An orb spider (Spider:4)
  A bog body (Swamp:4)
  A lindwurm (Vaults:2)
  A goliath frog (Swamp:3)
  5 ironbound convokers
  2 wizards
  2 swamp dragons (Swamp:4)
  A steelbarb worm (Spider:4)
  A deep elf archer (Volcano)
  2 orc knights
  2 deep elf pyromancers
  3 wolf spiders
  A deep elf zephyrmancer (Elf:2)
  3 ugly things
  A moth of wrath (Zot:3)
  3 manticores
  A cyclops (D:14)
  A salamander (shapeshifter) (Vaults:5)
  A will-o-the-wisp (Swamp:2)
  4 elephants
  A centaur zombie (D:15)
  3 black mambas
  3 cane toads
  A torpor snail (Spider:1)
  A komodo dragon (Lair:5)
  A catoblepas skeleton (Abyss:3)
  6 yaktaurs
  A meliai (D:14)
  A tyrant leech (Swamp:3)
  4 hornets
  9 saltlings (Desolation)
  3 raiju (Abyss:2)
  4 tarantellas
  3 blink frogs
  5 dream sheep
  3 centaur simulacra
  5 culicivoras
  A jumping spider (Spider:1)
  10 slime creatures
  A flying skull (Abyss:2)
  A shadow (D:10)
  4 spriggans
  2 water elementals
  A vampire (Abyss:3)
  A basilisk (Lair:4)
  18 yaks
  A starcursed mass (Abyss:3)
  2 fire elementals
  7 vampire mosquitoes
  A steam dragon (D:8)
  A redback simulacrum (D:15)
  A glowing shapeshifter zombie (Vaults:2)
  6 redbacks
  Menkaure (D:7)
  A swamp worm (Swamp:2)
  A water moccasin (Lair:3)
  A warg (Vaults:3)
  A hell hound (Orc:2)
  A floating eye (Depths:3)
  A sky beast (D:6)
  A black bear (D:6)
  4 orc warriors
  An ice beast (D:9)
  2 ogres (Orc:2)
  A wolf (Lair:1)
  3 kobold brigands
  4 bullfrogs
  2 earth elementals
  3 killer bees
  A howler monkey (D:9)
  3 jellies (Lair:5)
  2 orc priests
  Crazy Yiuf (D:4)
  3 iron imps (Abyss:3)
  5 orc wizards
  2 gnolls (D:9)
  An adder (D:6)
  2 shadow imps (Abyss:3)
  3 white imps
  9 orcs
  A kobold (D:11)
  3 starspawn tentacles
349 creatures vanquished.

Vanquished Creatures (others)
  An Orb Guardian (Zot:5)
  A demonspawn black sun (Zot:3)
  A yaktaur captain (Vaults:1)
  A centaur warrior (Orc:2)
  A deep elf archer (Elf:2)
  A deep elf pyromancer (Volcano)
  An ironbound convoker (Vaults:1)
  An orc knight (Vaults:5)
  A deep elf zephyrmancer (Elf:3)
  A vault sentinel (Vaults:4)
  5 yaktaurs
  An orc warrior (D:9)
  30 knights
  2 ancestors
  4 spectral bats (Abyss:3)
  4 bat simulacra (Abyss:3)
  6 foxfires (Swamp:1)
  5 starspawn tentacles
67 creatures vanquished.

Grand Total: 2471 creatures vanquished

Notes
Turn   | Place    | Note
-------+----------+-------------------------------------------
     0 | D:1      | ragingrage the Barachi Hexslinger began the quest for the
                  | Orb.
     0 | D:1      | Reached XP level 1. HP: 15/15 MP: 2/2
   125 | D:1      | Reached XP level 2. HP: 21/21 MP: 3/3
   145 | D:1      | Found a faded altar of an unknown god.
   645 | D:1      | Upgraded the game from 0.31-a0-128-g25add195a6 to
                  | 0.31-a0-133-gaae73658be
  1010 | D:2      | Reached skill level 1 in Stealth
  1010 | D:2      | Reached XP level 3. HP: 18/26 MP: 2/4
  1619 | D:2      | Learned a level 3 spell: Inner Flame
  1628 | D:3      | Noticed Grinder
  2552 | D:3      | Noticed Ijyb
  2582 | D:4      | Reached skill level 3 in Ranged Weapons
  2582 | D:4      | Reached XP level 4. HP: 9/32 MP: 5/5
  2765 | D:4      | Found a radiant altar of Vehumet.
  2872 | D:4      | Reached skill level 1 in Short Blades
  3001 | D:4      | Found a staircase to the Ecumenical Temple.
  3006 | D:4      | Reached XP level 5. HP: 37/37 MP: 6/6
  3011 | Temple   | Entered the Ecumenical Temple
  3117 | Temple   | Became a worshipper of Hepliaklqana the Forgotten
  3149 | D:4      | Noticed Pargi
  3162 | D:4      | Killed Pargi
  3163 | D:4      | Reached skill level 4 in Ranged Weapons
  3185 | D:4      | Reached XP level 6. HP: 43/43 MP: 7/7
  3233 | D:4      | Found a runed translucent door.
  3234 | D:4      | Noticed Crazy Yiuf
  3808 | D:5      | Entered Level 5 of the Dungeon
  3971 | D:5      | Reached skill level 5 in Ranged Weapons
  4258 | D:5      | Found Ecro Ozoch's Magic Scroll Boutique.
  4352 | D:5      | Found a glowing silver altar of Zin.
  4378 | D:5      | Reached XP level 7. HP: 48/48 MP: 8/8
  4482 | D:5      | Reached * piety under Hepliaklqana
  4585 | D:5      | Noticed Edmund
  4601 | D:5      | Killed Edmund
  4602 | D:5      | Reached skill level 6 in Ranged Weapons
  4671 | D:5      | Bought a scroll of teleportation for 42 gold pieces
  4673 | D:5      | Bought a scroll of enchant armour for 105 gold pieces
  5266 | D:6      | Reached skill level 7 in Ranged Weapons
  5266 | D:6      | Reached skill level 1 in Fire Magic
  5288 | D:6      | Reached XP level 8. HP: 48/48 MP: 9/9
  5378 | D:6      | Found a blossoming altar of Fedhas.
  5454 | D:6      | Reached skill level 5 in Hexes
  5535 | D:6      | Reached skill level 8 in Ranged Weapons
  5835 | D:7      | Found a white marble altar of Elyvilon.
  5949 | D:7      | Reached skill level 9 in Ranged Weapons
  5990 | D:7      | Reached XP level 9. HP: 53/53 MP: 10/10
  6047 | D:7      | Reached skill level 10 in Ranged Weapons
  6291 | D:7      | Noticed Menkaure
  6295 | D:7      | Killed Menkaure
  6591 | D:8      | Reached ** piety under Hepliaklqana
  6592 | D:8      | Remembered your ancestor Tepiltzin as a knight
  6630 | D:8      | Reached skill level 11 in Ranged Weapons
  6708 | D:8      | Reached skill level 12 in Ranged Weapons
  6912 | D:8      | Noticed Maggie
  7081 | D:8      | Reached XP level 10. HP: 59/59 MP: 11/11
  7361 | D:8      | Noticed Grum
  7370 | D:8      | Killed Grum
  7979 | D:9      | Found Kilosaj's Weapon Shoppe.
  7991 | D:9      | Reached skill level 13 in Ranged Weapons
  7994 | D:9      | Noticed a two-headed ogre
  8515 | D:9      | Killed a two-headed ogre
  8516 | D:9      | Reached skill level 14 in Ranged Weapons
  8640 | D:9      | Reached XP level 11. HP: 63/63 MP: 12/12
  8839 | D:9      | Reached skill level 15 in Ranged Weapons
  9353 | D:4      | Killed Crazy Yiuf
  9513 | D:3      | Killed Ijyb
  9615 | D:3      | Killed Grinder
  9783 | D:8      | Killed Maggie
  9832 | D:10     | Entered Level 10 of the Dungeon
  9863 | D:10     | Reached *** piety under Hepliaklqana
  9866 | D:10     | Identified the ring "Sezxab" {rC- rN+ Int+7 Stlth+}
  9929 | D:10     | Found a shadowy altar of Dithmenos.
 10133 | D:10     | Noticed a cyclops
 10143 | D:10     | Killed a cyclops
 10274 | D:10     | Found a portal to a secret trove of treasure.
 10553 | D:10     | Reached skill level 16 in Ranged Weapons
 10573 | D:10     | Found a staircase to the Orcish Mines.
 10593 | D:10     | Found Poblilau's Assorted Antiques.
 10603 | D:10     | Bought a twisted robe for 119 gold pieces
 10603 | D:10     | Identified the +1 robe "Noli" {rF+ rC+ Stlth+} (You bought
                  | it in a shop on level 10 of the Dungeon)
 10623 | D:10     | Bought a scroll labelled WOSANG WOAM for 21 gold pieces
 10705 | D:10     | Found an ornate altar of the Wu Jian Council.
 10996 | D:10     | Reached skill level 1 in Armour
 11083 | D:11     | Reached skill level 1 in Invocations
 11083 | D:11     | Reached skill level 1 in Evocations
 11221 | D:11     | Noticed Nergalle
 11232 | D:11     | Killed Nergalle
 11425 | D:11     | Found a staircase to the Lair.
 11438 | D:11     | Reached **** piety under Hepliaklqana
 11507 | D:11     | Identified the +6 falchion of Destruction {venom, *Noise
                  | Fly Will+ Str+6}
 11535 | D:11     | Noticed a cyclops
 11543 | D:11     | Killed a cyclops
 11544 | D:11     | Reached XP level 12. HP: 47/74 MP: 13/13
 11606 | D:11     | Noticed a boulder beetle
 11619 | D:11     | Killed a boulder beetle
 11789 | D:11     | Noticed an ice dragon
 11789 | D:11     | Found the +8 frozen axe "Frostbite" {freeze, freezing
                  | cloud, *Noise Fly rC+}
 11870 | D:11     | Killed an ice dragon
 11994 | D:11     | You fall into a shaft and drop 3 floors!
 12156 | D:14     | Reached skill level 5 in Fighting
 12156 | D:14     | Reached skill level 5 in Dodging
 12163 | D:14     | Noticed a tengu warrior
 12213 | D:14     | Killed a tengu warrior
 12214 | D:14     | Reached skill level 5 in Armour
 12270 | D:13     | Noticed a centaur warrior
 12276 | D:13     | Killed a centaur warrior
 12317 | D:13     | Reached skill level 5 in Evocations
 12386 | D:13     | Learned a level 2 spell: Wereblood
 12714 | D:11     | Identified the +11 trident of Zaaw {freeze, rElec}
 12767 | Lair:1   | Entered Level 1 of the Lair of Beasts
 13069 | Lair:1   | Gained mutation: You can hop long distances. [Barachi
                  | growth]
 13069 | Lair:1   | Reached XP level 13. HP: 85/85 MP: 16/16
 13110 | Lair:1   | Reached skill level 5 in Invocations
 13206 | Lair:1   | Reached ***** piety under Hepliaklqana
 14155 | Lair:2   | Found a hole to the Spider Nest.
 15451 | Lair:3   | Reached XP level 14. HP: 98/98 MP: 17/17
 15469 | Lair:3   | Reached skill level 10 in Fighting
 15664 | Lair:3   | Reached skill level 10 in Armour
 15867 | Lair:3   | Found a staircase to the Swamp.
 15874 | Lair:3   | Identified the +3 pair of boots of the Cockroach {Dex+4}
 16043 | Lair:3   | Reached skill level 17 in Ranged Weapons
 16595 | Lair:4   | Reached ****** piety under Hepliaklqana
 16952 | Lair:4   | Identified the +10 war axe "Beetleslayer" {flame, rN+++
                  | Str-4 Int+5 Dex-5}
 17134 | Lair:5   | Entered Level 5 of the Lair of Beasts
 18079 | Lair:5   | Found a staircase to the Slime Pits.
 18210 | Lair:5   | Reached skill level 18 in Ranged Weapons
 18396 | Lair:5   | Reached XP level 15. HP: 104/104 MP: 20/20
 18664 | Lair:5   | Identified the ring of Icvievor {rN+ Dex+5 SInv}
 18871 | Lair:5   | Identified the +1 chain mail of the Piercing Gods {-Tele
                  | rF++ Str+6}
 19387 | Orc:1    | Entered Level 1 of the Orcish Mines
 19387 | Orc:1    | Found an ornate altar of the Wu Jian Council.
 19387 | Orc:1    | Found a transporter.
 19438 | Orc:1    | Found a transporter.
 19449 | Orc:1    | Found a transporter.
 19505 | Orc:1    | Found a transporter.
 19506 | Orc:1    | Found an ornate altar of the Wu Jian Council.
 19506 | Orc:1    | Noticed an orc warlord
 19661 | Orc:1    | Found Musem's Armour Boutique.
 19718 | Orc:1    | Found a shimmering blue altar of Sif Muna.
 19798 | Orc:1    | Paralysed by an orc sorcerer for 5 turns
 19986 | Orc:2    | Entered Level 2 of the Orcish Mines
 19986 | Orc:2    | Found a staircase to the Elven Halls.
 20144 | Orc:2    | Found a dark tunnel.
 20164 | Volcano  | Entered a volcano
 20337 | Volcano  | Reached skill level 10 in Dodging
 20425 | Volcano  | Identified a scroll of acquirement
 20425 | Volcano  | Acquired the +0 hat "Waciocud" {rF+ rC+}
 20872 | Orc:2    | Found Arango's General Store.
 20872 | Orc:2    | Found Hyomeel's Distillery.
 20873 | Orc:2    | Found Gele's Assorted Antiques.
 20873 | Orc:2    | Found Giyffeqi's Armour Shop.
 20888 | Orc:2    | Reached XP level 16. HP: 116/116 MP: 21/21
 20890 | Orc:2    | Bought a black potion for 28 gold pieces
 20966 | Orc:2    | Found a runed translucent gate.
 20966 | Orc:2    | Found a runed translucent gate.
 20970 | Orc:2    | Found a runed translucent gate.
 20971 | Orc:2    | Noticed Pooter's ghost (journeyman MiBe)
 20972 | Orc:2    | Found an iron altar of Okawaru.
 21260 | D:5      | Bought a scroll of acquirement for 728 gold pieces
 21260 | D:5      | Acquired the amulet "Acul" {Spirit Drain rF++ rCorr MP+9}
 21792 | D:13     | Found a gate to the Vaults.
 22187 | D:14     | Noticed Snorg
 22192 | D:14     | Killed Snorg
 22613 | D:14     | Noticed Jorgrun
 22628 | D:14     | Killed Jorgrun
 23072 | D:15     | Entered Level 15 of the Dungeon
 23155 | D:15     | Reached skill level 1 in Transmutations
 23171 | D:15     | Found a staircase to the Depths.
 24031 | D:15     | Identified the +0 robe of Veacaem {rElec rPois Stlth-
                  | Archmagi}
 24393 | Swamp:1  | Entered Level 1 of the Swamp
 24731 | Swamp:1  | Noticed Mlioglotl
 24741 | Swamp:1  | Killed Mlioglotl
 24910 | Swamp:1  | Reached skill level 19 in Ranged Weapons
 24927 | Swamp:1  | Noticed a thorn hunter
 24931 | Swamp:1  | Killed a thorn hunter
 25285 | Swamp:2  | Reached XP level 17. HP: 125/125 MP: 22/22
 25562 | Swamp:2  | Identified the +1 helmet "Toecvolu" {rPois rN+ Dex+4}
 25634 | Swamp:2  | Reached skill level 5 in Transmutations
 25742 | Swamp:2  | Noticed Aizul
 25751 | Swamp:2  | Killed Aizul
 25806 | Swamp:2  | Identified the +6 battleaxe "Lysump" {heavy, rF++ rCorr}
 26473 | Swamp:4  | Entered Level 4 of the Swamp
 26973 | Swamp:4  | Noticed the 27-headed Lernaean hydra
 26977 | Swamp:4  | Killed the 27-headed Lernaean hydra
 26992 | Swamp:4  | Reached skill level 20 in Ranged Weapons
 27335 | Swamp:4  | Got a decaying rune of Zot
 27707 | D:10     | You paid a toll of 3 potions of resistance to enter a
                  | treasure trove
 27708 | Trove    | Entered a treasure trove
 27920 | Spider:1 | Entered Level 1 of the Spider Nest
 27980 | Spider:1 | Reached XP level 18. HP: 131/131 MP: 23/23
 27988 | Spider:1 | Noticed Kilowitz's ghost (journeyman MiFi)
 27992 | Spider:1 | Found a runed translucent door.
 28162 | Spider:1 | Reached skill level 21 in Ranged Weapons
 28261 | Spider:1 | Identified the amulet "Yskael" {Spirit rF+}
 28298 | Spider:1 | Noticed Kirke
 28304 | Spider:1 | Killed Kirke
 28863 | Spider:1 | Killed Kilowitz's ghost
 29128 | Orc:2    | Bought a lightning rod (4/4) for 420 gold pieces
 29766 | Spider:2 | Reached skill level 10 in Evocations
 30185 | Spider:2 | Reached skill level 22 in Ranged Weapons
 30698 | Spider:4 | Entered Level 4 of the Spider Nest
 31197 | Spider:4 | Identified the +2 leather armour of Greed {Harm Str+3}
 31374 | Spider:4 | Reached XP level 19. HP: 136/136 MP: 24/24
 31961 | Spider:4 | Got a gossamer rune of Zot
 32409 | Elf:1    | Entered Level 1 of the Elven Halls
 32714 | Elf:1    | Paralysed by an air elemental for 1 turns
 32793 | Elf:1    | Got the Volume of the Immovable Youths
 32973 | Elf:1    | Found Pemomam's Jewellery Shop.
 32974 | Elf:1    | Found Weogom's Magic Scroll Boutique.
 32991 | Elf:1    | Bought a scroll of immolation for 48 gold pieces
 32991 | Elf:1    | Bought a scroll of enchant weapon for 90 gold pieces
 32991 | Elf:1    | Bought a scroll of identify for 24 gold pieces
 32992 | Elf:1    | Bought a scroll of identify for 24 gold pieces
 32992 | Elf:1    | Bought a scroll of identify for 24 gold pieces
 33044 | Elf:1    | Found Ilabradd's Distillery.
 33353 | Elf:2    | Paralysed by an air elemental for 1 turns
 33354 | Elf:2    | Reached skill level 23 in Ranged Weapons
 33387 | Elf:2    | Found a radiant altar of Vehumet.
 33449 | Elf:2    | Found Zacasaxt's Antique Weapon Emporium.
 33599 | Elf:2    | Found a runed translucent gate.
 33599 | Elf:2    | Found a runed translucent gate.
 33599 | Elf:2    | Found a runed translucent gate.
 33750 | Elf:3    | Entered Level 3 of the Elven Halls
 34001 | Elf:3    | Reached skill level 15 in Dodging
 34615 | Elf:3    | Reached XP level 20. HP: 93/143 MP: 21/25
 34842 | Elf:3    | Identified the +4 war axe "Keirr" {venom, Fragile rElec
                  | Str+4}
 34861 | Elf:3    | Identified the +1 sling of a bazaar {speed, Str+7}
 34896 | Elf:3    | Identified the ring of Lytiwkiu {+Blink rC+ EV+5}
 34941 | Elf:3    | Identified the +7 dagger of Kindness {heavy, Int+3}
 34946 | Elf:3    | Got Irhustoc's Enchiridion on Grim Forms
 35001 | Elf:3    | Identified the +0 ring mail of Otofeut {Int+2}
 35886 | Vaults:1 | Entered Level 1 of the Vaults
 35893 | Vaults:1 | Found a flickering gateway to a bazaar.
 35908 | Bazaar   | Entered a bazaar
 35932 | Bazaar   | Found Xamm's Book Emporium.
 35943 | Bazaar   | Found Umybb's Book Emporium.
 35995 | Bazaar   | Found Ifyel's Magic Scroll Shoppe.
 36024 | Bazaar   | Found Viroere's Magic Scroll Emporium.
 36029 | Bazaar   | Bought a scroll of teleportation for 45 gold pieces
 36029 | Bazaar   | Bought a scroll of blinking for 112 gold pieces
 36083 | Bazaar   | Found Ugothikohu's Jewellery Shoppe.
 36123 | Bazaar   | Bought a scroll of brand weapon for 114 gold pieces
 36123 | Bazaar   | Bought a scroll of magic mapping for 90 gold pieces
 36123 | Bazaar   | Bought 2 scrolls of acquirement for 1248 gold pieces
 36123 | Bazaar   | Bought a scroll of enchant weapon for 90 gold pieces
 36123 | Bazaar   | Bought a scroll of identify for 24 gold pieces
 36124 | Bazaar   | Reached XP level 21. HP: 148/148 MP: 26/26
 36125 | Bazaar   | Bought a scroll of fog for 48 gold pieces
 36125 | Bazaar   | Bought a scroll of immolation for 48 gold pieces
 36141 | Vaults:1 | Acquired 631 gold pieces
 36143 | Vaults:1 | Acquired 794 gold pieces
 36389 | Vaults:1 | Found the +5 robe of Night {Dark Will+ SInv}
 36477 | Vaults:1 | Reached skill level 24 in Ranged Weapons
 37047 | Vaults:1 | Reached skill level 15 in Evocations
 37905 | Vaults:2 | Found a staircase to the Crypt.
 38093 | Vaults:2 | Reached XP level 22. HP: 154/154 MP: 27/27
 38334 | Vaults:2 | Identified the +9 quarterstaff "Bydghih" {heavy, rN+ Str+2}
 38350 | Vaults:2 | Reached skill level 25 in Ranged Weapons
 38680 | Vaults:3 | Noticed Bai Suzhen
 38687 | Vaults:3 | Killed Bai Suzhen
 38800 | Vaults:3 | Identified the +7 trident of Theory {elec, Str+4}
 39072 | Vaults:3 | Noticed Saint Roka
 39082 | Vaults:3 | Killed Saint Roka
 39395 | Vaults:3 | Reached skill level 26 in Ranged Weapons
 39399 | Vaults:3 | Learned a level 3 spell: Portal Projectile
 39405 | Vaults:3 | Learned a level 2 spell: Blink
 39514 | Vaults:3 | Reached skill level 1 in Translocations
 39641 | Vaults:4 | Found a crumbling gateway.
 39671 | Desolati | Entered the Desolation of Salt
 39847 | Desolati | Found the +9 sword of Zonguldrok {reap}
 39850 | Desolati | Found the +4 Cigotuvi's embrace {Corpsefed rMiasma Drain
                  | rN+}
 39851 | Desolati | Identified the staff of fire "Hummeoga" {rPois rF+ Str+3}
 39853 | Desolati | Identified the ring "Ilosseys" {+Blink rC++ Int-3 Dex+6}
 40070 | Desolati | Got the Cyclopedia of Vexing Profane Deeds
 40078 | Desolati | Identified the +8 dagger of Pain and Death {heavy, Will+
                  | Dex+2}
 40089 | Desolati | Got the Directory of Conjuration
 40191 | Desolati | Got the Quarto of the Felsic Compass
 40195 | Desolati | Identified the staff of conjuration "Uwis Eby" {Drain
                  | +Blink rPois rN+}
 40226 | Desolati | Got the Directory of Imprecation
 40613 | Vaults:4 | Reached skill level 5 in Translocations
 40632 | Vaults:4 | Reached XP level 23. HP: 161/161 MP: 28/28
 40854 | Vaults:4 | Learned a level 3 spell: Ozocubu's Armour
 40948 | Vaults:4 | Reached skill level 1 in Ice Magic
 41055 | Vaults:4 | Reached skill level 5 in Stealth
 41309 | Vaults:4 | Reached skill level 15 in Fighting
 41563 | Depths:1 | Entered Level 1 of the Depths
 41638 | Depths:1 | Noticed the Enchantress
 41643 | Depths:1 | Killed the Enchantress
 41687 | Depths:1 | Reached skill level 5 in Ice Magic
 41838 | Depths:1 | Found a gateway to Hell.
 41971 | Depths:1 | Found Reatis's Jewellery Shop.
 42238 | Depths:1 | Found an ancient bone altar of Kikubaaqudgha.
 42284 | Depths:2 | Found a one-way gate leading to the halls of Pandemonium.
 42569 | Depths:2 | Found Xizas's One-of-a-Kind Books.
 42582 | Depths:2 | Found a one-way gateway to a ziggurat.
 42994 | Depths:2 | Noticed a caustic shrike
 43009 | Depths:2 | Killed a caustic shrike
 43031 | Depths:2 | Noticed a juggernaut
 43039 | Depths:2 | Killed a juggernaut
 43069 | Depths:2 | Identified the +4 battleaxe of Nuitypi {flame, Contam Int+6
                  | Dex+6}
 43256 | Depths:2 | Reached XP level 24. HP: 171/171 MP: 28/28
 43869 | Depths:3 | Noticed a juggernaut
 43875 | Depths:3 | Killed a juggernaut
 44220 | Depths:3 | Found the +8 orange crystal plate armour {Archmagi, Int+3
                  | Clar}
 44481 | Depths:3 | Reached skill level 27 in Ranged Weapons
 44522 | Depths:3 | Found a sparkling altar of Nemelex Xobeh.
 44758 | Depths:3 | Found a one-way gate to the infinite horrors of the Abyss.
 45144 | Depths:4 | Entered Level 4 of the Depths
 45230 | Depths:4 | Reached skill level 10 in Stealth
 45425 | Depths:4 | Reached XP level 25. HP: 185/185 MP: 28/28
 45614 | Depths:4 | Found a gate to the Realm of Zot.
 45805 | Depths:4 | Reached skill level 10 in Ice Magic
 45849 | Depths:4 | Found the macabre finger necklace {Finger+ rN+}
 46562 | Orc:2    | Killed Pooter's ghost
 46572 | Orc:2    | Identified the ring of Saycs {EV+5 Dex+4}
 46714 | Orc:2    | Bought a potion of heal wounds for 160 gold pieces
 46714 | Orc:2    | Bought a scroll of teleportation for 96 gold pieces
 46714 | Orc:2    | Bought a scroll of teleportation for 96 gold pieces
 46714 | Orc:2    | Bought a wand of roots (4) for 307 gold pieces
 46715 | Orc:2    | Bought a scroll of teleportation for 42 gold pieces
 46715 | Orc:2    | Bought a potion of heal wounds for 70 gold pieces
 46716 | Orc:2    | Bought a potion of magic for 96 gold pieces
 46716 | Orc:2    | Bought a potion of heal wounds for 60 gold pieces
 46716 | Orc:2    | Bought a potion of heal wounds for 60 gold pieces
 46716 | Orc:2    | Bought a potion of mutation for 96 gold pieces
 47039 | Depths:3 | Voluntarily entered the Abyss.
 47397 | Abyss:2  | Gained mutation: Your spells are a little easier to cast,
                  | but a little less powerful. [a neqoxec]
 47512 | Abyss:2  | Gained mutation: You are dopey. (Int -2) [a neqoxec]
 47527 | Abyss:3  | Found a corrupted altar of Lugonu.
 47552 | Abyss:3  | Gained mutation: Your flesh is cold resistant. (rC+) [a
                  | neqoxec]
 47561 | Abyss:3  | Identified the +6 flail of Umuu {holy, *Noise Drain rPois
                  | Int+8}
 47563 | Abyss:3  | Identified the ring "Fifit" {rPois Str+5}
 47590 | Abyss:3  | Found a corrupted altar of Lugonu.
 47600 | Abyss:3  | Found a corrupted altar of Lugonu.
 47632 | Abyss:3  | Noticed a dread lich
 47638 | Abyss:3  | Killed a dread lich
 47881 | Abyss:3  | Got an abyssal rune of Zot
 47984 | Depths:3 | Escaped the Abyss
 48296 | Vaults:5 | Entered Level 5 of the Vaults
 48311 | Vaults:5 | Reached XP level 26. HP: 91/198 MP: 17/29
 48540 | Vaults:5 | Identified the +4 dire flail "Wozoper" {protect, rPois rF+}
 48545 | Vaults:5 | Identified the +6 long sword "Sovueg" {speed, Fly Will-
                  | rCorr Dex+4}
 48560 | Vaults:5 | Identified the +1 short sword "Juomaub" {venom, rC+ Str+2
                  | Dex+2}
 48672 | Vaults:5 | Identified the amulet of Izudedghu {Acrobat rElec Int+2}
 48747 | Vaults:5 | Got a silver rune of Zot
 48749 | Vaults:5 | Identified the staff of conjuration "Vyogudoj" {rF+ Int+3}
 48921 | Vaults:5 | Identified the +4 rapier of Destruction {heavy, rF+}
 48968 | Vaults:5 | Learned a level 5 spell: Irradiate
 49144 | Vaults:5 | Reached skill level 1 in Conjurations
 49316 | Vaults:5 | Got Pirchun's Compendium of the Lethal Jaunt
 49605 | Vaults:5 | Identified the +7 mace of Thoughtfulness {pain, Dex+5}
 49659 | Vaults:5 | Acquired the +1 pair of gloves "Bas Goukk" {rCorr Str-3
                  | Dex+6}
 50117 | Slime:1  | Entered Level 1 of the Pits of Slime
 50798 | Slime:5  | Entered Level 5 of the Pits of Slime
 50805 | Slime:5  | Reached XP level 27. HP: 207/207 MP: 29/29
 50830 | Slime:5  | Noticed the Royal Jelly
 51311 | Slime:5  | Killed the Royal Jelly
 51927 | Slime:5  | Identified the +4 hand axe of Dissatisfaction {heavy, rPois
                  | rCorr Str+2 Dex+4}
 51936 | Slime:5  | Identified the +2 short sword "Zoobrann" {flame, rF+ rC-
                  | rN+ Will+}
 51955 | Slime:5  | Identified the +0 leather armour of Kleptomania {rElec rN+
                  | Will- rCorr}
 51986 | Slime:5  | Identified the +2 halberd "Dujiaca" {speed, +Blink rElec
                  | Dex+2}
 51997 | Slime:5  | Got a slimy rune of Zot
 52009 | Slime:5  | Identified the +7 spear of Blind Justice {flame, rElec
                  | rCorr}
 52023 | Slime:5  | Identified the +4 war axe of a bazaar {spect, Str+3}
 52035 | Slime:5  | Got the Verses on Apparitions and the Snowflakes
 52446 | Zot:1    | Entered Level 1 of the Realm of Zot
 52605 | Zot:1    | Reached skill level 5 in Conjurations
 54683 | Zot:3    | Noticed an orb of fire
 54719 | Zot:3    | Killed an orb of fire
 54815 | Zot:3    | Identified the +4 spear "Kughyngi" {flame, rCorr Int+5}
 54816 | Zot:3    | Got the Spellbook of The Black Sun
 55389 | Zot:3    | Reached skill level 10 in Transmutations
 56272 | Zot:4    | Noticed an orb of fire
 56279 | Zot:4    | Killed an orb of fire
 56464 | Zot:4    | Found a runed translucent gate.
 56464 | Zot:4    | Found a runed translucent gate.
 56464 | Zot:4    | Found a runed translucent gate.
 56469 | Zot:4    | Noticed Unkupp's ghost (veteran OgBe)
 56759 | Zot:5    | Entered Level 5 of the Realm of Zot
 56762 | Zot:5    | Acquired the +0 pair of boots of Xom {rF++ Int+3 SInv}
 56764 | Zot:5    | Acquired 726 gold pieces
 56766 | Zot:5    | Acquired the Grimoire of Assaults
 57139 | Zot:5    | Noticed an orb of fire
 57140 | Zot:5    | Noticed an orb of fire
 57141 | Zot:5    | Noticed an orb of fire
 57142 | Zot:5    | Noticed an orb of fire
 57144 | Zot:5    | Noticed an orb of fire
 57146 | Zot:5    | Gained mutation: You sometimes lose your temper in combat.
                  | [an orb of fire]
 57148 | Zot:5    | Noticed an orb of fire
 57149 | Zot:5    | Gained mutation: Armour fits poorly on your strangely
                  | shaped body. [an orb of fire]
 57150 | Zot:5    | Killed an orb of fire
 57150 | Zot:5    | Gained mutation: You occasionally lose the ability to drink
                  | potions when taking damage. [an orb of fire]
 57151 | Zot:5    | Killed an orb of fire
 57159 | Zot:4    | Gained mutation: You sometimes lose the ability to drink
                  | potions when taking damage. [an orb of fire]
 57161 | Zot:4    | Gained mutation: You are weak. (Str -2) [an orb of fire]
 57163 | Zot:4    | Killed an orb of fire
 57329 | Zot:5    | Killed an orb of fire
 57425 | Zot:5    | Killed an orb of fire
 57427 | Zot:5    | Gained mutation: You do not regenerate when monsters are
                  | visible. [an orb of fire]
 57429 | Zot:5    | Killed an orb of fire
 57490 | Zot:5    | Lost mutation: You sometimes lose your temper in combat.
                  | [potion of mutation]
 57490 | Zot:5    | Lost mutation: You do not regenerate when monsters are
                  | visible. [potion of mutation]
 57490 | Zot:5    | Lost mutation: Your spells are a little easier to cast, but
                  | a little less powerful. [potion of mutation]
 57490 | Zot:5    | Lost mutation: Your flesh is cold resistant. (rC+) [potion
                  | of mutation]
 57491 | Zot:5    | Lost mutation: You sometimes lose the ability to drink
                  | potions when taking damage. [potion of mutation]
 57491 | Zot:5    | Lost mutation: You occasionally lose the ability to drink
                  | potions when taking damage. [potion of mutation]
 57491 | Zot:5    | Lost mutation: You are dopey. (Int -2) [potion of mutation]
 57491 | Zot:5    | Gained mutation: You are strong-willed. (Will+) [potion of
                  | mutation]
 57963 | Zot:5    | Noticed an ancient lich
 57972 | Zot:5    | Killed an ancient lich
 57975 | Zot:5    | Noticed an ancient lich
 57986 | Zot:5    | Killed an ancient lich
 57993 | Zot:5    | Learned a level 5 spell: Yara's Violent Unravelling
 58012 | Zot:5    | Noticed a dread lich
 58019 | Zot:5    | Killed a dread lich
 58166 | Zot:5    | Got the Orb of Zot
 58485 | D:13     | Noticed Soukeuf Iph the pandemonium lord
 58495 | D:13     | Killed Soukeuf Iph the pandemonium lord
 58746 | D:$      | Escaped with the Orb!

Illustrated notes

Levels and vault maps discovered:
D:1:      minmay_arrival_open_corners, layout_basic,
          shapermc_ecumenical_altar_starsandcircs, feat_on_display
D:2:      wander_river, layout_basic
D:3:      layout_loops_cross, uniq_ijyb, uniq_grinder
D:4:      layout_basic, mainiacjoe_overflow_alcove_4, minmay_temple_entry_hall,
          uniq_crazy_yiuf_cottage, uniq_pargi
D:5:      kennysheep_slugbush, layout_basic, overflow_temple_1_default,
          serial_shops, nicolae_shop_waterfront, nrook_campfire,
          nicolae_fountain_basement, uniq_edmund
D:6:      layout_rooms, fedhas_bush_and_centaur_altar, minmay_misc_feat_iff
D:7:      layout_basic, mainiacjoe_overflow_six_doors_small, uniq_menkaure
D:8:      layout_loops_corners, uniq_grum, uniq_maggie
D:9:      layout_roguey, serial_shops, nicolae_shop_scrapyard, serial_ice,
          serial_ice_n, serial_ice_g, serial_ice_f, serial_ice_e, serial_ice_a,
          serial_ice_i, kennysheep_kite_vault
D:10:     layout_stronghold, nicolae_wu_jian_glorious_leap,
          mainiacjoe_overflow_cross_hatched, orc_0_dummy, serial_shops, shop,
          nicolae_trove_entry_crystal, minmay_misc_feat_secret_circle
D:11:     minmay_coctagon, layout_long_grid, david_lair_generic,
          nrook_pool_corridor, uniq_nergalle
D:12:     layout_roguey
D:13:     layout_long_grid, hangedman_vaults_entry_quadrant_bands,
          minmay_misc_feat_nine_boxes
D:14:     layout_roguey, uniq_jorgrun, uniq_snorg
D:15:     grunt_enter_depths_magical_seal, layout_loops_corners,
          minmay_misc_feat_enclosed
Temple:   nicolae_temple_slightly_damp_pantheon
Lair:1:   layout_gridlike, st_stairs_13, chequers_serial_rivers_large_b,
          minivault_26, grunt_megastairs_1
Lair:2:   layout_hall_layers, spider_nest_entry_webs, serial_bayou_shore_b
Lair:3:   nzn_motion_control, layout_regular_city, skrybe_swamp_entry_bodies,
          infiniplex_staircase_pool
Lair:4:   layout_loops_ring
Lair:5:   evilmike_catoblepas_cave, layout_long_grid,
          nicolae_slime_entry_field_trip
Swamp:1:  layout_falls_marsh, hangedman_swamp_diagram, uniq_mlioglotl
Swamp:2:  cheibrodos_swamp_heart_of_darkness, layout_basic_swamp,
          nicolae_swamp_trees_clearing, nicolae_swamp_feature_on_the_river_bank,
          infiniplex_staircase_pool_2, uniq_aizul
Swamp:3:  layout_basic_swamp, nicolae_swamp_little_tower, swamp_pool1
Swamp:4:  grunt_swamp_rune_castle, layout_basic_swamp, swamp_pool5,
          nicolae_swamp_big_swirl
Spider:1: layout_spider_delve, hellmonk_ghost_happy_afterlife, uniq_kirke
Spider:2: layout_spider_delve
Spider:3: layout_spider_delve
Spider:4: grunt_spider_rune_parallel, nicolae_spider_webs_and_nodes,
          nicolae_orb_stairs
Slime:1:  layout_caves
Slime:2:  layout_caves, nicolae_slime_barrier, nicolae_slime_welcoming_committee
Slime:3:  layout_caves
Slime:4:  layout_caves
Slime:5
Orc:1:    dreamdust_wu_jian_sword_trials, layout_caves, serial_shops,
          nicolae_shop_tiny_real_fake_doors, hellmonk_bongcloud_opening,
          kennysheep_orc_sif_temple
Orc:2:    st_orc_ogre_mass, layout_caves, enter_volcano_3,
          gammafunk_ghost_fury_of_okawaru
Elf:1:    eino_elf_arrival_shootout, layout_geoelf_grid, serial_shops, shop,
          hangedman_elf_represent, minmay_elf_demonology, minmay_shoptagon
Elf:2:    elven_hall_of_blades_hangedman_original
          [nicolae_blade_entry_hurt_lockers], layout_loops_cross, serial_shops,
          shop, basic_altar, minmay_fountain_box
Elf:3:    minmay_elf_hall_spiked, layout_geoelf_octagon,
          lemuel_flamethrower_hall
Vaults:1: v_misc_1, ontoclasm_vaults_gallery, nicolae_vaults_two_Ls,
          nicolae_vaults_triangles, v_misc_27, nicolae_vaults_sealed_display,
          nicolae_vaults_diamond_1, vaults_room_stairs_pillars,
          vaults_room_grunt_arrival_ludios, nicolae_vaults_tangram_1,
          nicolae_vaults_little_squares_3, v_misc_27, layout_vaults_omnibox,
          serial_shops, bzr_entry_islet
Vaults:2: nicolae_vaults_spaceships, nicolae_vaults_turnstiles,
          hangedman_vaults_pinch, nicolae_vaults_closet_pinwheel_6,
          nicolae_vaults_border_crossing, nicolae_vaults_trapezoid_lopsided_4,
          hangedman_vaults_slither, nicolae_vaults_trapezoid_4, st_check,
          nicolae_vaults_diamond_2, vaults_room_door_ring,
          nicolae_vaults_storage_room_glass, layout_vaults_omnigrid,
          minmay_crypt_entry_simple_box
Vaults:3: dpeg_vaults_hating_casters, nicolae_vaults_inception_statues,
          nicolae_vaults_stepped_doors, v_pattern_1, grunt_vaults_hallway_long,
          nicolae_vaults_little_squares_5, nicolae_vaults_variable_pillar_hall,
          v_misc_18, nicolae_vaults_circle_grid_a, layout_vaults_omnicross,
          uniq_saint_roka, uniq_margery, uniq_bai_suzhen
Vaults:4: portal_desolation_entry_ruin, nicolae_vaults_network_star, st_cells,
          v_alt_pattern_1, nicolae_vaults_rhombus_5, v_alt_pattern_2,
          nicolae_vaults_offset_grid_hallway_3, hangedman_vaults_locks,
          v_misc_26, nicolae_vaults_tetromino_L_1, nicolae_vaults_rhombus_7,
          nicolae_vaults_wrenched, nicolae_vaults_layer_cake_slice,
          layout_vaults_maze
Vaults:5: serial_shops
Depths:1: layout_basic, pf_hell_entry_great_geh, serial_shops, shop,
          kennysheep_nondescript, minmay_misc_feat_tower,
          kennysheep_vampire_church, uniq_enchantress
Depths:2: minmay_the_grid_triangle_9x9_rhombus_full
          [minmay_the_grid_triangle_9x9_descending_squares,
          minmay_the_grid_triangle_9x9_warning,
          minmay_the_grid_triangle_9x9_zippers_vertical,
          minmay_the_grid_triangle_9x9_odd_lines,
          minmay_the_grid_triangle_9x9_zippers_horizontal,
          minmay_the_grid_triangle_9x9_impossible_snake,
          minmay_the_grid_triangle_9x9_pentomino_pain,
          minmay_the_grid_triangle_9x9_prize_schism], layout_cave_pools,
          enter_ziggurat_b, grunt_hell_entry_dis_mu, serial_co_window_serial,
          co_window_corner_a, co_window_paths_a, co_window_of_opportunity_a,
          co_window_corner_a, co_window_corner_a, co_window_broadway_a,
          co_window_corner_cb, co_window_corner_b, co_window_corner_cb,
          co_window_corner_b, co_window_of_opportunity_b, glass_columns_a,
          glass_columns_c, glass_columns_a, pan_entry, abandoned_shop,
          nicolae_rare_books
Depths:3: nicolae_fronds_of_death, layout_basic, grunt_hell_horde,
          nemelex_lonely_heart_becter, abyss_entry
Depths:4: lemuel_castle_with_subvaults [lemuel_castle_interior_carwin_2],
          layout_cave_pools, abyss_entry_small_statue_room, serial_bayou_ford_a,
          hangedman_coc_ice_floe, chequers_big_river,
          chequers_serial_rivers_small_a, grunt_ministairs_4,
          minmay_misc_feat_chi, minmay_variable_closet
Zot:1:    layout_cellular_growth, uniq_grunn
Zot:2:    layout_gridlike
Zot:3:    dreamdust_black_sun_cult, layout_cellular_growth
Zot:4:    cheibrodos_zot_enchanting_chambers, layout_gridlike,
          gammafunk_ghost_necromancy
Zot:5:    layout_misc_corridors

Skill      XL: |  1  2  3  4  5  6  7  8  9 10 11 12 13 14 15 16 17 18 19 20 21 22 23 24 25 26 27 |
---------------+----------------------------------------------------------------------------------+-----
Stealth        | 1 2 4 7 10 11 12 | 12.0
Ranged Weapons | 3 4 5 7 9 12 14 16 18 19 20 22 23 24 26 27 | 27.0
Short Blades   | 1 2 4 |  4.0
Fire Magic     | 1 2 4 |  4.0
Hexes          | 5 7 |  7.7
Fighting       | 4 6 9 10 12 14 16 18 20 21 25 | 25.3
Armour         | 3 6 9 11 12 13 | 13.2
Invocations    | 2 4 5 7 8 |  8.0
Evocations     | 3 5 7 9 11 14 15 17 18 20 | 20.0
Dodging        | 4 6 8 11 12 14 15 17 18 19 20 25 | 25.0
Transmutations | 4 6 7 8 10 | 10.4
Translocations | 5 8 |  8.0
Ice Magic      | 9 11 | 11.0
Spellcasting   | 2 3 |  3.0
Conjurations   | 3 8 |  8.6

Action                     |  1- 3 |  4- 6 |  7- 9 | 10-12 | 13-15 | 16-18 | 19-21 | 22-24 | 25-27 || total
---------------------------+-------+-------+-------+-------+-------+-------+-------+-------+-------++-------
  Melee: Dagger            |     8 |    24 |     2 |       |       |       |       |       |       ||    34
         Punch             |     1 |       |       |       |       |       |       |       |       ||     1
   Fire: Sling             |    94 |    89 |    95 |       |       |       |       |       |       ||   278
         Orcbow            |       |       |   116 |   663 |  1068 |       |       |       |       ||  1847
         Arbalest          |       |       |       |       |    89 |   972 |   409 |       |       ||  1470
         Triple crossbow   |       |       |       |       |       |       |   284 |  1029 |  1480 ||  2793
  Throw: Dart              |       |       |       |     6 |     3 |       |       |     1 |       ||    10
   Cast: Slow              |     2 |       |       |       |       |       |       |       |       ||     2
         Inner Flame       |       |       |       |       |     4 |       |       |       |       ||     4
         Wereblood         |       |       |       |       |       |     3 |     3 |    23 |    33 ||    62
         Ozocubu's Armour  |       |       |       |       |       |       |       |    10 |    13 ||    23
         Portal Projectile |       |       |       |       |       |       |       |       |     2 ||     2
 Invoke: Recall Ancestor   |       |       |     1 |     6 |    11 |     4 |     1 |     2 |    13 ||    38
         Ancestor Life: Kn |       |       |     1 |       |       |       |       |       |       ||     1
         Idealise          |       |       |       |     1 |     3 |     2 |     2 |       |     6 ||    14
         Transference      |       |       |       |       |     2 |       |       |       |       ||     2
Ability: Hop               |       |     1 |     1 |     4 |     9 |     5 |     2 |     4 |     7 ||    33
  Evoke: Wand              |       |       |       |    11 |     7 |     7 |     1 |     6 |     3 ||    35
         Phial of floods   |       |       |       |       |       |     2 |       |       |       ||     2
         Phantom mirror    |       |       |       |       |       |     1 |       |       |     1 ||     2
         Tin of tremorston |       |       |       |       |       |     1 |       |     1 |     1 ||     3
    Use: Scroll            |       |       |     5 |     7 |     6 |    12 |    15 |     1 |     9 ||    55
         Potion            |       |       |       |     1 |       |     1 |     1 |     2 |     7 ||    12
 Armour: Robe              |     4 |    14 |     5 |     5 |       |       |       |       |       ||    28
         Troll leather arm |       |       |       |    40 |    76 |    53 |    14 |    17 |       ||   200
         Swamp dragon scal |       |       |       |       |       |    10 |       |       |       ||    10
         Leather armour    |       |       |       |       |       |       |       |    28 |    93 ||   121
  Dodge: Dodged            |    12 |    24 |    16 |   121 |   156 |   301 |   208 |   383 |   687 ||  1908

Table legend: (Time is in decaauts)
 A = Elapsed time spent in this place.
 B = Non-inter-level travel time spent in this place.
 C = Inter-level travel time spent in this place.
 D = Time resting spent in this place.
 E = Time spent auto-exploring this place.
 F = Levels seen in this place.
 G = Mean time per level.
                   A        B        C        D        E       F      G
               +--------+--------+--------+--------+--------+-----+--------+
         Total |  65983 |  58182 |   7801 |  10295 |  35874 |  60 | 1099.7 |
       Dungeon |  20171 |  16262 |   3909 |   3812 |   9969 |  15 | 1344.7 |
        Temple |    152 |    111 |     41 |      0 |     98 |   1 |  152.0 |
          Lair |   7687 |   6605 |   1082 |   1758 |   3582 |   5 | 1537.4 |
         Swamp |   3544 |   3364 |    180 |    775 |   2018 |   4 |  886.0 |
   Spider Nest |   4155 |   3981 |    174 |    854 |   2331 |   4 | 1038.8 |
    Slime Pits |   2217 |   2071 |    146 |    519 |   1103 |   5 |  443.4 |
  Orcish Mines |   2004 |   1637 |    367 |     58 |   1037 |   2 | 1002.0 |
   Elven Halls |   3732 |   3497 |    235 |    712 |   2175 |   3 | 1244.0 |
        Vaults |   7366 |   6639 |    727 |    406 |   4620 |   5 | 1473.2 |
        Depths |   5782 |   5263 |    519 |    248 |   3841 |   4 | 1445.5 |
           Zot |   6610 |   6195 |    415 |    796 |   4378 |   5 | 1322.0 |
         Abyss |   1064 |   1064 |      0 |    115 |     13 |   3 |  354.7 |
        Bazaar |    268 |    268 |      0 |      0 |    209 |   1 |  268.0 |
         Trove |    107 |    107 |      0 |      0 |     81 |   1 |  107.0 |
       Volcano |    337 |    337 |      0 |    116 |     30 |   1 |  337.0 |
    Desolation |    780 |    780 |      0 |    125 |    385 |   1 |  780.0 |
               +--------+--------+--------+--------+--------+-----+--------+

Top non-repeatable levels by time:
    D:10: 2407 daAuts
   Elf:3: 2140 daAuts
  Lair:5: 2062 daAuts
  Lair:3: 2020 daAuts
     D:8: 1986 daAuts
    D:11: 1815 daAuts
Depths:2: 1781 daAuts
Depths:3: 1715 daAuts
Vaults:5: 1653 daAuts
     D:5: 1625 daAuts
Vaults:2: 1616 daAuts
     D:3: 1593 daAuts
    D:15: 1581 daAuts
   Zot:4: 1548 daAuts
Spider:4: 1538 daAuts
